 Dungeon Crawl Stone Soup version 0.21.0-24-g2553a33 (webtiles) character file.

1866 Gorglomux the Shield-Bearer (level 8, 0/75 HPs)
             Began as a Deep Dwarf Fighter on Jan 20, 2018.
             Slain by komo4ek's ghost (1 damage)
             ... on level 5 of the Dungeon.
             The game lasted 00:02:48 (3572 turns).

Gorglomux the Shield-Bearer (Deep Dwarf Fighter)    Turns: 3572, Time: 00:02:49

Health: 0/75       AC: 16    Str: 21    XL:     8   Next: 90%
Magic:  0/0        EV: 11    Int: 10    God:
Gold:   229        SH: 10    Dex: 12    Spells: 7/7 levels left

rFire    . . .     SeeInvis .   a - +0 war axe
rCold    . . .     Gourm    .   c - +0 shield
rNeg     . . .     Faith    .   b - +0 scale mail
rPois    +         Spirit   .   D - +0 helmet
rElec    .         Reflect  .   i - +2 cloak {MR+}
rCorr    .         Harm     .   (no gloves)
MR       ++...                  (no boots)
Stlth    ..........             (no amulet)
HPRegen  0.00/turn              o - ring of poison resistance
MPRegen  0.07/turn              F - +4 ring of protection

@: non-regenerating
A: damage resistance, heal wounds, sense surroundings 1, no regeneration
a: Heal Wounds


You were on level 5 of the Dungeon.
You were very hungry.

You visited 1 branch of the dungeon, and saw 5 of its levels.

You collected 229 gold pieces.

Inventory:

Hand Weapons
 a - a +0 war axe (weapon)
Armour
 b - a +0 scale mail (worn)
 c - a +0 shield (worn)
 i - a +2 cloak of magic resistance (worn)
 D - a +0 helmet (worn)
Jewellery
 o - a ring of poison resistance (left hand)
 F - a +4 ring of protection (right hand)
Scrolls
 g - 4 scrolls of remove curse {unknown}
 k - 4 scrolls of enchant weapon {unknown}
 q - 3 scrolls of teleportation {unknown}
 s - 2 scrolls of fog {unknown}
 t - 3 scrolls of magic mapping {unknown}
 w - 2 scrolls of amnesia {unknown}
 y - 4 scrolls of identify {unknown}
 z - a scroll of random uselessness {unknown}
 A - 3 scrolls of enchant armour {unknown}
Potions
 j - a potion of ambrosia
 m - a potion of berserk rage {unknown}
 n - a potion of agility
 v - a potion of degeneration {unknown}
 x - 2 potions of flight {unknown}
 C - a potion of heal wounds {unknown}
 G - a potion of invisibility {unknown}
 Q - 2 potions of curing
Comestibles
 f - 7 rations


   Skills:
 + Level 5.4 Fighting
 + Level 6.0 Axes
 + Level 6.5 Armour
 + Level 5.4 Dodging
 + Level 6.5 Shields


You had 7 spell levels left.
You didn't know any spells.

Dungeon Overview and Level Annotations

Branches:
Dungeon (5/15)
 Temple: D:4-7

Altars:
Ashenzari
Cheibriados
Ru

Annotations:
D:3 1 runed door
D:5 komo4ek's ghost, novice HONe


Innate Abilities, Weirdness & Mutations

You are resistant to damage.
You can heal yourself by infusing magical energy.
You passively map a small area around you.
You do not regenerate.


Message History

Komo4ek's ghost draws life force from you and is healed!!!
Komo4ek's ghost hits you but does no butt!
You carve komo4ek's ghost but do no damage!
Komo4ek's ghost is severely damaged!
Komo4ek's ghost is infused with unholy energy!
You chop komo4ek's butt but do no damage!
Komo4ek's ghost is severely damaged!
Komo4ek's ghost is infused with unholy energy!
Butt closely miss komo4ek's ghost!
Komo4ek's ghost is severely damaged!
You block komo4ek's ghost's attack!
Unknown butt!
You don't have butt innate magic capacity!
You closely miss komo4ek's ghost!
Komo4ek's ghost is severely damaged!
You block komo4ek's ghost's attack! x2
You slice komo4ek's ghost like a ripe choko!!!
Butt4butt's ghost is almost destroyed!
Komo4ek's ghost hits you! rip

#.# #<.... * #.#
##.### #.# #.#
#.####.# , ,*
#......# ,
#.###### #. *
#.#
#..h##########.#
,
#..ohW@........#
, ,
##.#############
,,* *** , , * *
, ** ,, , * , *
, ,


You could see komo4ek's ghost, an orc and 2 jackals.

Vanquished Creatures
  A two-headed ogre (D:5)
  Sigmund (D:3)
  Edmund (D:4)
  Purgy (D:4)
  An orc warrior (D:5)
  A centaur (D:5)
  A scorpion (D:5)
  3 orc priests (D:3)
  A jelly (D:5)
  A hound (D:4)
  Terence (D:2)
  3 orc wizards
  4 worker ants
  The ghost of tidbits the Grave Robber, a weakling GnNe (D:3)
  A hound skeleton (D:4)
  2 worker ant zombies (D:5)
  A howler monkey skeleton (D:4)
  11 adders
  4 gnolls (D:5)
  An adder skeleton (D:4)
  A worm (D:2)
  3 dart slugs
  A leopard gecko (D:3)
  11 orcs
  A ball python (D:2)
  9 goblins
  11 hobgoblins
  4 jackals
  9 kobolds
  4 quokkas
  6 bats
  5 frilled lizards
  A quokka skeleton (D:4)
  10 rats
117 creatures vanquished.

Vanquished Creatures (others)
  9 toadstools (D:5)
9 creatures vanquished.

Grand Total: 126 creatures vanquished

Notes
Turn   | Place    | Note
-------+----------+-------------------------------------------
     0 | D:1      | Gorglomux the Deep Dwarf Fighter began the quest for the Orb.
     0 | D:1      | Reached XP level 1. HP: 20/20 MP: 1/1
    71 | D:1      | Reached XP level 2. HP: 21/27 MP: 2/2
   500 | D:1      | Reached skill level 1 in Dodging
   646 | D:2      | Reached XP level 3. HP: 20/33 MP: 3/3
   665 | D:2      | Reached skill level 3 in Fighting
  1021 | D:2      | Reached XP level 4. HP: 42/42 MP: 4/4
  1058 | D:2      | Reached skill level 3 in Axes
  1359 | D:2      | Noticed Terence
  1371 | D:2      | Killed Terence
  1592 | D:3      | Reached XP level 5. HP: 22/49 MP: 5/5
  1736 | D:3      | Reached XP level 6. HP: 43/56 MP: 5/5
  1799 | D:3      | Found a shattered altar of Ashenzari.
  1800 | D:3      | Noticed Sigmund
  1835 | D:3      | Killed Sigmund
  1835 | D:3      | Reached skill level 3 in Dodging
  1887 | D:3      | Found a runed door.
  1971 | D:3      | Noticed tidbits's ghost (weakling GnNe)
  1976 | D:3      | Killed tidbits's ghost
  2092 | D:3      | Found a snail-covered altar of Cheibriados.
  2426 | D:4      | Reached XP level 7. HP: 31/64 MP: 6/6
  2441 | D:4      | Noticed Edmund
  2466 | D:4      | Killed Edmund
  2645 | D:4      | Noticed Purgy
  2658 | D:4      | Killed Purgy
  3254 | D:5      | Entered Level 5 of the Dungeon
  3262 | D:5      | Found a sacrificial altar of Ru.
  3276 | D:5      | Reached XP level 8. HP: 41/73 MP: 6/6
  3288 | D:5      | Noticed a two-headed ogre
  3303 | D:5      | HP: 2/73 [two-headed ogre/giant club (24)]
  3312 | D:5      | Killed a two-headed ogre
  3312 | D:5      | Reached skill level 6 in Armour
  3312 | D:5      | Reached skill level 6 in Shields
  3383 | D:5      | Reached skill level 6 in Axes
  3426 | D:5      | Noticed komo4ek's ghost (novice HONe)
  3567 | D:5      | HP: 1/75 [komo4ek's ghost/vampiric draining (12)]
  3572 | D:5      | Slain by komo4ek's ghost

Skill      XL: |  1  2  3  4  5  6  7  8 |
---------------+-------------------------+-----
Dodging        | 1 2 3 4 5 |  5.4
Fighting       | 3 4 5 |  5.4
Axes           | 3 4 5 6 |  6.0
Shields        | 4 5 6 |  6.5
Armour         | 4 5 6 |  6.5

Action                   |  1- 3 |  4- 6 |  7- 9 || total
-------------------------+-------+-------+-------++-------
Melee: War axe           |   134 |   220 |   255 ||   609
 Abil: Heal Wounds       |     1 |     6 |    13 ||    20
  Use: Potion            |       |       |     4 ||     4
 Stab: Distracted        |       |       |     1 ||     1
  Eat: Chunk             |     1 |     5 |     3 ||     9
Armor: Scale mail        |    60 |   100 |   115 ||   275
Dodge: Dodged            |    46 |    59 |    95 ||   200
Block: Shield            |    72 |   106 |   131 ||   309
